 Dungeon Crawl Stone Soup version 0.31-a0-152-g6aa68a64a1 (webtiles) character file.

Game seed: 12370903614956791444

1115 avis the Chiller (level 7, -4/59 (60) HPs)
             Began as a Demigod Ice Elementalist on June 10, 2023.
             Slain by a wight
             ... wielding a +2 battleaxe
              (15 damage)
             ... on level 5 of the Dungeon.
             The game lasted 00:42:38 (6104 turns).

avis the Chiller (Demigod Ice Elementalist)         Turns: 6104, Time: 00:42:39

HP:   -4/59 (60)    AC: 11    Str:  9    XL:     7   Next: 87%
MP:   9/14          EV: 13    Int: 25    God:
Gold: 174           SH:  0    Dex: 14    Spells: 4/12 levels left

rFire   . . .        a - +1 rapier
rCold   . . .        (no shield)
rNeg    . . .        q - +0 robe
rPois   .            m - +0 helmet
rElec   .            (no cloak)
rCorr   .            (no gloves)
SInv    +            n - +0 pair of boots
Will    .....        (no amulet)
Stlth   +++          v - ring of see invisible
HPRegen 0.29/turn    (no ring)
MPRegen 0.14/turn

%: no passive effects
@: ice-armoured, lightly drained
A: high MP 1, forlorn, divine attributes
a: no special abilities


You were on level 5 of the Dungeon.
You visited 1 branch of the dungeon, and saw 6 of its levels.

You collected 282 gold pieces.
You spent 108 gold pieces at shops.

Inventory:

Hand Weapons
 a - a +1 rapier (weapon)
Missiles
 r - 2 boomerangs (quivered)
 t - 3 poisoned darts
Armour
 b - a +3 scale mail of cold resistance
 d - an orb of mayhem
 m - a +0 helmet (worn)
 n - a +0 pair of boots (worn)
 q - a +0 robe (worn)
 u - a +2 ring mail of poison resistance
Magical Staves
 f - a staff of poison
 z - a staff of poison
 A - a staff of poison
Jewellery
 v - a ring of see invisible (left hand)
Wands
 s - a wand of roots (14)
 y - a wand of polymorph (4)
Scrolls
 c - 3 scrolls of teleportation
 e - a scroll of poison {unknown}
 k - a scroll of identify {unknown}
 o - 4 scrolls of enchant weapon
 x - a scroll of fear {unknown}
 B - a scroll of amnesia {unknown}
Potions
 g - 2 potions of attraction {unknown}
 h - a potion of curing {unknown}
 i - 3 potions of haste {unknown}
 j - 4 potions of degeneration {unknown}
 l - 2 potions of ambrosia {unknown}
 p - 3 potions of mutation {unknown}
 w - a potion of cancellation {unknown}


   Skills:
 * Level 4.5 Fighting
 * Level 4.5 Dodging
 * Level 4.5 Stealth
 - Level 3.0 Spellcasting
 - Level 1.0 Hexes
 - Level 5.0 Ice Magic


You had 4 spell levels left.
You knew the following spells:

 Your Spells              Type           Power      Damage    Failure   Level
a - Freeze                Ice            100%       1d10      1%          1
c - Slow                  Hex            32%        N/A       7%          1
o - Ozocubu's Armour      Ice            28%        N/A       3%          3
r - Frozen Ramparts       Ice            56%        1d9       3%          3

Your spell library contained the following spells:

 Spells                   Type           Power      Damage    Failure   Level
 Ensorcelled Hibernation  Hex/Ice        36%        N/A       4%          2
 Kiss of Death            Conj/Necr      12%        2d6       10%         1
 Hailstorm                Conj/Ice       16%        3d6       11%         3
 Passwall                 Tmut/Erth      2%         N/A       16%         2
 Confusing Touch          Hex            8%         N/A       21%         3
 Dazzling Flash           Conj/Hex       12%        N/A       24%         3
 Swiftness                Air            3%         N/A       30%         3
 Vampiric Draining        Necr           3%         2d6       30%         3
 Volatile Blastmotes      Fire/Tloc      6%         2d10      30%         3
 Summon Ice Beast         Ice/Summ       16%        N/A       34%         4
 Iskenderun's Mystic Bla  Conj/Tloc      3%         2d3       69%         4
 Arcjolt                  Conj/Air       1%         1d11      95%         5
 Starburst                Conj/Fire      1%         6d3       100%        6
 Lehudib's Crystal Spear  Conj/Erth      1%         10d2      100%        8


Dungeon Overview and Level Annotations

Branches:
Dungeon (6/15)
 Temple: D:4-7

Shops:
D:2 [:[:


Innate Abilities, Weirdness & Mutations

You have an increased reservoir of magic. (+10% MP)
You shall have no god before yourself.
Your divine heritage dramatically boosts your attributes as you level up.


Message History

Casting: Frozen Ramparts (dangerous; 3% risk of failure)
Confirm with . or Enter, or press ? or * to list all spells.
Aiming: Slow (safe; 7% risk of failure)
Press: ? - help, Shift-Dir - straight line, f - wight
Aim: a wight, wielding a +2 battleaxe and wearing a +0 robe (moderately damaged, chance to affect: 41%)
The wight resists with some effort.
The wight resists.
The wall freezes the wight.
The wight hits you but does no damage.
The wight completely resists.
The wall freezes the wight but does no damage.
The wight misses you.
You hit the wight.
The wight is moderately damaged.
The frozen ramparts melt away.
The wight hits you but does no damage. The wight barely misses you.
You hit the wight but do no damage.
The wight is moderately damaged.
The wight misses you. The wight barely misses you.
Aiming: Fastroot
Press: ? - help, Shift-Dir - straight line, p - wight The roots erupt in riotous growth!
Roots grab the wight. x2
The grasping roots constrict the wight!
The grasping roots constrict the wight.
The wight closely misses you. x2
You hit the wight but do no damage.
The wight is severely damaged.
The grasping roots constrict the wight. x2; The wight misses you.
The wight hits you with a +2 battleaxe.
You feel drained. The wight barely misses you.
The wight hits you but does no damage.
You hit the wight but do no damage.
The wight is almost destroyed.
The grasping roots constrict the wight, but do no damage.
The grasping roots constrict the wight!
You destroy the wight!
The roots release their grip on the wight.
The wight hits you with a +2 battleaxe!
* * * LOW HITPOINT WARNING * * *
You closely miss the wight.
The wight is almost destroyed.
The wight hits you with a +2 battleaxe!
You die...

## ####.......### ###
.####.#..........########.##
..##..............##.......#
...#.##...........#......#.##
.....##..........##......#..#
....###.........##.......#..#
....#
##........#........##.##
....##
#.......##z.......##..#
.....#
##....###@........###.#
.....# #..####..).......#
#.## .....## ####
#...#......## ##.# ......#
##..##......# #.## ......#
##..####.....# #..# ......#
##............# ##.# ......#
##.............# #.## ......#
##..............## ##.#
.....## #..........##....#
#.#


You could see a wight.

Vanquished Creatures
  An acid dragon (D:5)
  An ice beast (D:4)
  2 ogres
  2 phantoms (D:4)
  2 scorpions
  A wight (D:5)
  2 howler monkeys
  A jelly (D:5)
  2 hounds (D:4)
  2 sleepcaps
  Terence (D:3)
  An iguana (D:5)
  Robin (D:1)
  5 adders
  2 ufetubi (D:5)
  A dart slug (D:5)
  5 orcs
  6 ball pythons
  2 bats (D:1)
  8 endoplasms
  A giant cockroach (D:1)
  11 goblins
  5 hobgoblins
  7 jackals (D:3)
  4 quokkas
  10 kobolds
  7 rats
93 creatures vanquished.

Notes
Turn   | Place    | Note
-------+----------+-------------------------------------------
     0 | D:1      | avis the Demigod Ice Elementalist began the quest for the
                  | Orb.
     0 | D:1      | Reached XP level 1. HP: 14/14 MP: 5/5
   197 | D:1      | Reached skill level 4 in Ice Magic
   263 | D:1      | Reached XP level 2. HP: 20/20 MP: 5/7
   586 | D:1      | Reached skill level 1 in Fighting
  1054 | D:2      | Found Ucuvvuh's Antique Armour Boutique.
  1070 | D:2      | Found Uwaogi's Antique Armour Emporium.
  1143 | D:2      | Found Tytuetiod's Book Shop.
  1257 | D:2      | Found Gyoneit's Book Boutique.
  1459 | D:2      | Noticed Robin
  1476 | D:1      | Reached XP level 3. HP: 27/28 MP: 6/9
  1505 | D:1      | Learned a level 3 spell: Frozen Ramparts
  1632 | D:1      | Killed Robin
  1638 | D:1      | Learned a level 3 spell: Ozocubu's Armour
  1805 | D:2      | Bought a pair of boots for 108 gold pieces
  2293 | D:3      | Reached XP level 4. HP: 30/35 MP: 5/10
  2584 | D:3      | Noticed Terence
  2614 | D:3      | Killed Terence
  2615 | D:3      | Reached skill level 5 in Ice Magic
  3006 | D:4      | Reached XP level 5. HP: 23/41 MP: 2/11
  3224 | D:4      | Noticed an ogre
  3323 | D:4      | Learned a level 1 spell: Slow
  3342 | D:4      | Killed an ogre
  3589 | D:4      | Reached XP level 6. HP: 50/51 MP: 4/13
  4032 | D:4      | Got the Codex of the Missiles
  4277 | D:5      | Entered Level 5 of the Dungeon
  4505 | D:4      | Reached XP level 7. HP: 52/59 MP: 12/14
  4558 | D:5      | Reached skill level 1 in Hexes
  6104 | D:5      | Slain by a wight

Illustrated notes

Levels and vault maps discovered:
D:1:      dpeg_arrival_tiny_f, layout_loops_ring,
          shapermc_ecumenical_altar_mp_vishouse
D:2:      layout_rooms, basic_altar, serial_shops, nicolae_square_shop, shop,
          shop, shop, minmay_fractal_squares_gapless_5, uniq_robin
D:3:      layout_loops_ring, kennysheep_potato, uniq_terence
D:4:      layout_loops_ring, mainiacjoe_overflow_cross_hatched,
          old_standard_altar, nicolae_dithmenos_through_a_glass_darkly
D:5:      layout_cave_pods
D:6:      layout_rooms, mainiacjoe_overflow_small_starburst,
          minmay_temple_entry_junction, lemuel_flamethrower_1

Skill      XL: |  1  2  3  4  5  6  7 |
---------------+----------------------+-----
Ice Magic      | 4 5 |  5.0
Spellcasting   | 2 3 |  3.0
Fighting       | 1 2 3 4 |  4.5
Dodging        | 2 3 4 |  4.5
Stealth        | 2 3 4 |  4.5
Hexes          | 1 |  1.0

Action                     |  1- 3 |  4- 6 |  7- 9 || total
---------------------------+-------+-------+-------++-------
  Melee: Dagger            |    21 |    16 |       ||    37
         Rapier            |       |    92 |    40 ||   132
         Punch             |       |     1 |     1 ||     2
  Throw: Boomerang         |       |     1 |       ||     1
   Cast: Freeze            |    60 |    20 |     6 ||    86
         Frozen Ramparts   |     2 |    14 |    11 ||    27
         Ozocubu's Armour  |       |    13 |    11 ||    24
         Slow              |       |     2 |     1 ||     3
  Evoke: Wand              |       |     1 |     1 ||     2
    Use: Potion            |       |     1 |       ||     1
         Scroll            |       |       |     2 ||     2
   Stab: Sleeping          |    14 |     4 |     1 ||    19
 Armour: Robe              |     8 |    39 |    29 ||    76
  Dodge: Dodged            |    44 |    88 |    57 ||   189

Table legend: (Time is in decaauts)
 A = Elapsed time spent in this place.
 B = Non-inter-level travel time spent in this place.
 C = Inter-level travel time spent in this place.
 D = Time resting spent in this place.
 E = Time spent auto-exploring this place.
 F = Levels seen in this place.
 G = Mean time per level.
                   A        B        C        D        E       F      G
               +--------+--------+--------+--------+--------+-----+--------+
         Total |   6137 |   5638 |    499 |   1831 |   2565 |   6 | 1022.8 |
       Dungeon |   6137 |   5638 |    499 |   1831 |   2565 |   6 | 1022.8 |
               +--------+--------+--------+--------+--------+-----+--------+

Top non-repeatable levels by time:
     D:5: 1568 daAuts
     D:4: 1533 daAuts
     D:1: 1304 daAuts
     D:3: 1107 daAuts
     D:2: 589 daAuts
     D:6: 33 daAuts
